 Dungeon Crawl Stone Soup version 0.30-a0-845-g7c6808c8ce (webtiles) character file.

Game seed: 18430736194282289188

9205 bande the Cleaver (level 11, -2/67 HPs)
             Began as a Gargoyle Fighter on Mar 3, 2023.
             Was a High Priest of Okawaru.
             Slain by Snorg (5 damage)
             ... on level 10 of the Dungeon.
             The game lasted 00:19:37 (11934 turns).

bande the Cleaver (Gargoyle Fighter)               Turns: 11934, Time: 00:19:38

Health: -2/67      AC: 35    Str: 20    XL:     11   Next: 42%
Magic:  16/16      EV:  7    Int:  9    God:    Okawaru [*****.]
Gold:   1513       SH: 12    Dex: 22    Spells: 10/10 levels left

rFire   . . .      SeeInvis .    w - +0 broad axe (protect)
rCold   . . .      Faith    .    c - +0 buckler
rNeg    + . .      Spirit   .    D - +0 chain mail
rPois   ∞          Reflect  +    (helmet restricted)
rElec   +          Rampage  .    (no cloak)
rCorr   .                        m - +1 pair of gloves {Dex+3}
Will    +....                    J - +2 pair of boots {Stlth+} Stlth
                                 v - amulet of reflection
HPRegen 0.31/turn                u - +6 ring of dexterity
MPRegen 0.15/turn                G - +4 ring of protection

@: under a protective aura, studying Throwing
A: sickness immunity, AC +8, negative energy resistance 1, electricity
resistance, torment resistance 1, petrification resistance, antennae 1,
strong-willed 1
a: Renounce Religion, Heroism, Finesse, Duel


You were on level 10 of the Dungeon.
You worshipped Okawaru.
Okawaru was extremely pleased with you.
You visited 1 branch of the dungeon, and saw 11 of its levels.
You also visited: Bailey.

You collected 1513 gold pieces.

Inventory:

Hand Weapons
 a - a +1 spectral war axe
 j - a +0 flail
 k - a +0 broad axe
 w - a +0 broad axe of protection (weapon)
 y - the +5 hand axe of Ewnats {pain, *Corrode SInv Stlth+}
   (You found it on level 4 of the Dungeon)

   SInv:      It lets you see invisible.
   *Corrode:  It may corrode you when you take damage.
   Stlth:     It makes you more stealthy.
Armour
 c - a +0 buckler (worn)
 m - a +1 pair of gloves of dexterity (worn)
 D - a +0 chain mail (worn)
 H - a +1 helmet
 J - a +2 pair of boots of stealth (worn)
Jewellery
 b - a ring of wizardry
 o - an amulet of regeneration
 u - a +6 ring of dexterity (left hand)
 v - an amulet of reflection (around neck)
 G - a +4 ring of protection (right hand)
Wands
 d - a wand of polymorph (12)
 h - a wand of flame (13)
 r - a wand of acid (13)
 x - a wand of iceblast (10)
 C - a wand of paralysis (5)
Scrolls
 e - a scroll of poison
 g - 2 scrolls of identify
 l - a scroll of enchant armour
 s - 5 scrolls of teleportation
 t - a scroll of enchant weapon
 B - a scroll of blinking
 E - a scroll of magic mapping
 I - 2 scrolls of fear
Potions
 f - 2 potions of heal wounds
 i - a potion of mutation
 n - 6 potions of flight
 p - 2 potions of cancellation
 q - 4 potions of haste
 z - 11 potions of curing
 A - a potion of resistance
 F - 2 potions of magic {unknown}


   Skills:
 + Level 7.4 Fighting
 + Level 9.9 Axes
 + Level 8.0 Armour
 - Level 0.1 Dodging
 + Level 6.7 Shields
 - Level 0.1 Unarmed Combat
 * Level 7.0 Invocations
 * Level 6.1 Evocations


You had 10 spell levels left.
You didn't know any spells.
Your spell library contained the following spells:

 Spells                   Type           Power      Damage    Failure   Level
 Apportation              Tloc           0%         N/A       99%         1
 Kiss of Death            Conj/Necr      0%         2d5       99%         1
 Passwall                 Tmut/Erth      0%         N/A       99%         2
 Confusing Touch          Hex            0%         N/A       100%        3
 Portal Projectile        Hex/Tloc       0%         N/A       100%        3
 Spider Form              Tmut/Pois      0%         N/A       100%        3
 Dispel Undead            Necr           0%         3d6       100%        4
 Olgreb's Toxic Radiance  Pois           0%         N/A       100%        4
 Alistair's Intoxication  Tmut/Pois      0%         N/A       100%        5
 Blade Hands              Tmut           0%         N/A       100%        5
 Fireball                 Conj/Fire      0%         3d3       100%        5
 Iskenderun's Battlesphe  Conj           0%         2d6       100%        5
 Conjure Ball Lightning   Conj/Air       0%         3x3d6     100%        6
 Iron Shot                Conj/Erth      0%         9d1       100%        6
 Orb of Destruction       Conj           0%         9d5       100%        7
 Ozocubu's Refrigeration  Ice            0%         4d7       100%        7
 Ignition                 Fire           0%         3d3       100%        8
 Summon Small Mammal      Summ           Unusable   N/A       N/A         1
 Call Canine Familiar     Summ           Unusable   N/A       N/A         3
 Summon Guardian Golem    Hex/Summ       Unusable   N/A       N/A         3
 Tukima's Dance           Hex            Unusable   N/A       N/A         3

Dungeon Overview and Level Annotations

Branches:
Dungeon (11/15)            Temple (0/1) D:5             Orc (0/2) D:10
 Bailey (visited)
   Lair: D:8-11

Altars:
Ashenzari
Cheibriados
Fedhas
Kikubaaqudgha
Makhleb
Okawaru
Wu Jian
Xom
Zin

Shops:
D:2 ?*   D:5 *

Annotations:
D:10 Snorg


Innate Abilities, Weirdness & Mutations

You are immune to sickness and miasma.
Your stone body is resilient. (AC +8)
You are immune to poison.
You resist negative energy. (rN+)
You are resistant to electric shocks. (rElec)
You are resistant to unholy torment.
You are immune to petrification.
You have a pair of small antennae on your head.
You are strong-willed. (Will+)


Message History

You slash Snorg!
Snorg is heavily wounded.
You barely miss Snorg.
Snorg is heavily wounded.
Snorg bites you but does no damage. Snorg claws you but does no damage.
You block Snorg's attack.
You hit Snorg.
Snorg is heavily wounded.
Snorg looks more energetic.
You block Snorg's attack. Snorg claws you but does no damage. Snorg claws you.
You hit Snorg.
Snorg is heavily wounded.
Snorg bites you but does no damage. You block Snorg's attack.
Snorg claws you but does no damage.
You slash Snorg!
Snorg is severely wounded.
Snorg goes berserk!
You hit Snorg.
Snorg is severely wounded.
Snorg bites you! You block Snorg's attack. Snorg claws you but does no damage.
Snorg bites you. Snorg claws you but does no damage. x2
You slash Snorg!
Snorg is almost dead.
You block Snorg's attack. x2; Snorg barely misses you.
Snorg completely misses you. Snorg claws you.
Snorg claws you but does no damage.
You barely miss Snorg.
Snorg is almost dead.
Snorg bites you!
* * * LOW HITPOINT WARNING * * *
Snorg claws you!
* * * LOW HITPOINT WARNING * * *
You block Snorg's attack. Snorg bites you but does no damage.
Snorg claws you but does no damage. x2
You closely miss Snorg.
Snorg is almost dead.
Snorg bites you!
* * * LOW HITPOINT WARNING * * *
Snorg barely misses you. Snorg claws you.
You die...

#...........
#.#............
###...............
#.................
#.≈≈≈≈≈≈≈≈≈.......
#.........≈.....##
#.≈.#.###.≈....##
#T≈.#...#.≈.....#
#@≈.#._.#.≈...[.#
#.≈.#...#.≈.....#
#.≈.###.#.≈.....#
#.≈.......≈.....#
#.≈≈≈≈≈≈≈≈≈....##
#.............##
###..........##
############


You could see Snorg (berserk).

Vanquished Creatures
  Pikel (D:5)
  Maggie (D:8)
  A gargoyle (D:11)
  An unseen horror (D:10)
  Psyche (D:8)
  2 kobold demonologists (D:9)
  Sigmund (D:4)
  A wyvern (D:10)
  19 yaks
  Eustachio (D:5)
  2 steam dragons
  2 vampire mosquitoes (D:11)
  A black bear (D:6)
  9 orc warriors (Bailey)
  2 ogres (D:7)
  3 centaurs
  2 lemures (D:5)
  A phantom (D:6)
  2 kobold brigands
  3 scorpions
  2 gnoll sergeants
  9 wights
  6 killer bees (D:8)
  An orc priest (D:10)
  6 hounds
  2 jellies
  4 sleepcaps
  4 iguanas
  4 orc wizards
  10 gnolls
  10 adders
  2 white imps (D:7)
  2 ufetubi
  3 dart slugs
  16 orcs
  9 bats
  7 endoplasms
  4 giant cockroaches
  13 goblins
  7 hobgoblins
  3 jackals (D:1)
  25 kobolds
  8 quokkas
  9 ball pythons
  3 frilled lizards
  A rat (D:2)
226 creatures vanquished.

Vanquished Creatures (others)
  2 gnolls (D:8)
  3 plants (D:2)
5 creatures vanquished.

Grand Total: 231 creatures vanquished

Notes
Turn   | Place    | Note
-------+----------+-------------------------------------------
     0 | D:1      | bande the Gargoyle Fighter began the quest for the Orb.
     0 | D:1      | Reached XP level 1. HP: 14/14 MP: 1/1
   202 | D:1      | Reached XP level 2. HP: 19/19 MP: 2/2
   623 | D:1      | Reached skill level 2 in Axes
   677 | D:1      | Found a faded altar of an unknown god.
   764 | D:2      | Found Sowkisk's Magic Scroll Boutique.
   805 | D:2      | Reached XP level 3. HP: 23/23 MP: 3/3
  1018 | D:2      | Found Akeerph's Assorted Antiques.
  1217 | D:2      | Reached XP level 4. HP: 27/29 MP: 4/4
  1330 | D:2      | Reached skill level 3 in Axes
  1593 | D:3      | Found a shimmering altar of Xom.
  1752 | D:3      | Reached XP level 5. HP: 33/33 MP: 5/5
  2373 | D:4      | Identified the +5 hand axe of Ewnats {pain, *Corrode SInv
                  | Stlth+}
  2492 | D:4      | Reached skill level 1 in Evocations
  2588 | D:4      | Reached XP level 6. HP: 38/38 MP: 6/6
  2604 | D:4      | Reached skill level 4 in Axes
  2706 | D:4      | Noticed Sigmund
  2758 | D:5      | Entered Level 5 of the Dungeon
  3009 | D:5      | Found an iron altar of Okawaru.
  3030 | D:5      | Became a worshipper of Warmaster Okawaru
  3240 | D:4      | Killed Sigmund
  3241 | D:4      | Reached skill level 1 in Invocations
  3241 | D:4      | Reached XP level 7. HP: 27/44 MP: 7/7
  3501 | D:4      | Reached skill level 5 in Axes
  4085 | D:5      | Found a staircase to the Ecumenical Temple.
  4113 | D:5      | Found a snail-covered altar of Cheibriados.
  4120 | D:5      | Reached * piety under Okawaru
  4128 | D:5      | Noticed Pikel
  4135 | D:5      | Killed Pikel
  4135 | D:5      | Reached ** piety under Okawaru
  4136 | D:5      | Reached skill level 5 in Armour
  4136 | D:5      | Reached XP level 8. HP: 48/48 MP: 9/9
  4206 | D:5      | Found Zin's Purification Station.
  4208 | D:5      | Found a glowing silver altar of Zin.
  4210 | D:5      | Noticed Eustachio
  4214 | D:5      | Killed Eustachio
  4215 | D:5      | Reached skill level 5 in Fighting
  4215 | D:5      | Reached skill level 6 in Axes
  4937 | D:6      | Found a broken altar of Ashenzari.
  5398 | D:7      | Reached *** piety under Okawaru
  5399 | D:7      | Reached XP level 9. HP: 54/54 MP: 11/11
  5425 | D:7      | Found a flagged portal.
  5437 | Bailey   | Entered a bailey
  5629 | Bailey   | Reached skill level 7 in Axes
  5806 | Bailey   | Got Hisays's Papyrus of Metamorphic Metal
  6557 | D:7      | Found a burning altar of Makhleb.
  6657 | D:7      | Reached skill level 5 in Shields
  6971 | D:7      | Reached **** piety under Okawaru
  7155 | D:8      | Gained mutation: You have a pair of small antennae on your
                  | head. [potion of mutation]
  7155 | D:8      | Gained mutation: You are strong-willed. (Will+) [potion of
                  | mutation]
  7279 | D:8      | Reached skill level 5 in Invocations
  7320 | D:8      | Reached XP level 10. HP: 55/60 MP: 13/13
  7326 | D:8      | Reached skill level 8 in Axes
  7414 | D:8      | Reached skill level 5 in Evocations
  7701 | D:8      | Noticed Psyche
  7714 | D:8      | HP: 3/61 [Psyche/chain of chaos (1)]
  8231 | D:8      | Noticed Maggie
  8246 | D:8      | Killed Maggie
  8299 | D:8      | Reached ***** piety under Okawaru
  8539 | D:8      | Killed Psyche
  9108 | D:9      | Identified a scroll of acquirement
  9108 | D:9      | Acquired 1026 gold pieces
  9632 | D:9      | Reached skill level 9 in Axes
 10170 | D:9      | Reached XP level 11. HP: 46/67 MP: 15/15
 10543 | D:9      | Found an ancient bone altar of Kikubaaqudgha.
 10731 | D:9      | Found an ornate altar of the Wu Jian Council.
 10816 | D:10     | Entered Level 10 of the Dungeon
 10959 | D:10     | Found a staircase to the Orcish Mines.
 11192 | D:10     | Received a gift from Okawaru
 11881 | D:10     | Noticed Snorg
 11888 | D:10     | Found a blossoming altar of Fedhas.
 11934 | D:10     | HP: 3/67 [Snorg (9)]
 11934 | D:10     | Slain by Snorg

Illustrated notes

Levels and vault maps discovered:
D:1:      lemuel_arrival_hallway, layout_loops_cross,
          ebering_ecumenical_altar_rust, kennysheep_another_room
D:2:      layout_loops_ring, serial_shops, shop,
          nicolae_shop_overgrown_old_shop, nicolae_half_adder
D:3:      layout_loops_ring, mainiacjoe_overflow_boulevard,
          supply_closet_lemuel, minmay_goblin_outpost
D:4:      minmay_diamond_boxcup, layout_gridville, uniq_sigmund
D:5:      layout_basic, okawaru_trees_2, cheibriados_altar_1, zin_purify,
          temple_doors_e, uniq_eustachio, uniq_pikel
D:6:      layout_loops_corners, mainiacjoe_overflow_alcove_1,
          kennysheep_generic_room_15
D:7:      layout_cave_pools, makhleb_heckhound_becter, enter_bailey_3, hex_tiny,
          minmay_puff
D:8:      layout_basic, uniq_maggie, uniq_psyche
D:9:      layout_stronghold, lemuel_tele_altar,
          nicolae_wu_jian_immortal_techniques
D:10:     layout_rooms, mainiacjoe_overflow_brackets, david_orc_3, minivault_27,
          uniq_snorg
D:11:     layout_layer_cave, grunt_lair_entry_orc_guard_hut, serial_shops,
          nicolae_shop_advertising_works [nicolae_subvault_shop_adworks],
          shop_statue, shop, nicolae_shop_bloodbath_and_beyond, shop

Skill      XL: |  1  2  3  4  5  6  7  8  9 10 11 |
---------------+----------------------------------+-----
Axes           | 2 3 4 5 6 7 9 |  9.9
Armour         | 4 5 6 7 8 |  8.0
Fighting       | 4 5 6 7 |  7.4
Evocations     | 1 2 3 4 5 6 |  6.1
Shields        | 4 5 6 |  6.7
Invocations    | 1 2 3 5 6 7 |  7.0
Dodging        | |  0.1
Unarmed Combat | |  0.1

Action                     |  1- 3 |  4- 6 |  7- 9 | 10-12 || total
---------------------------+-------+-------+-------+-------++-------
  Melee: War axe           |   116 |   181 |   126 |       ||   423
         Unarmed           |       |     4 |       |       ||     4
         Broad axe         |       |       |    66 |   258 ||   324
    Use: Potion            |       |     1 |     1 |     3 ||     5
         Scroll            |       |       |    24 |     3 ||    27
 Armour: Scale mail        |    78 |   104 |       |       ||   182
         Chain mail        |       |    11 |   208 |   259 ||   478
  Dodge: Dodged            |    57 |    84 |    79 |   100 ||   320
  Block: Buckler           |    26 |    41 |    90 |   246 ||   403
         Reflection        |       |     1 |       |     4 ||     5

Table legend: (Time is in decaauts)
 A = Elapsed time spent in this place.
 B = Non-inter-level travel time spent in this place.
 C = Inter-level travel time spent in this place.
 D = Time resting spent in this place.
 E = Time spent auto-exploring this place.
 F = Levels seen in this place.
 G = Mean time per level.
                   A        B        C        D        E       F      G
               +--------+--------+--------+--------+--------+-----+--------+
         Total |  12128 |  11585 |    543 |   3396 |   5644 |  12 | 1010.7 |
       Dungeon |  11387 |  10844 |    543 |   3234 |   5538 |  11 | 1035.2 |
        Bailey |    741 |    741 |      0 |    162 |    105 |   1 |  741.0 |
               +--------+--------+--------+--------+--------+-----+--------+

Top non-repeatable levels by time:
     D:8: 2002 daAuts
     D:9: 1749 daAuts
     D:4: 1222 daAuts
     D:5: 1014 daAuts
     D:7: 987 daAuts
     D:2: 871 daAuts
     D:6: 820 daAuts
     D:1: 792 daAuts
     D:3: 790 daAuts
  Bailey: 741 daAuts
    D:11: 615 daAuts
    D:10: 521 daAuts
